 Dungeon Crawl Stone Soup version 0.26-a0-651-gb41185065b (webtiles) character file.

Game seed: 5753694123857163012

301 Lanoc the Firebug (level 6, 0/32 HPs)
             Began as a Deep Elf Fire Elementalist on Oct 10, 2020.
             Slain by a hound (5 damage)
             ... on level 4 of the Dungeon.
             The game lasted 00:05:07 (2752 turns).

Lanoc the Firebug (Deep Elf Fire Elementalist)      Turns: 2752, Time: 00:05:07

Health: 0/32       AC: -2    Str:  5    XL:     6   Next: 14%
Magic:  5/12       EV: 15    Int: 22    God:
Gold:   89         SH:  0    Dex: 15    Spells: 6/11 levels left

rFire    . . .     SeeInvis .   (no weapon)
rCold    . . .     Faith    .   (no shield)
rNeg     . . .     Spirit   .   a - +0 robe
rPois    .         Reflect  .   (no helmet)
rElec    .         Harm     .   (no cloak)
rCorr    .         Rampage  .   (no gloves)
MR       .....                  (no boots)
Stlth    ++........             (no amulet)
HPRegen  0.10/turn              i - -4 ring of protection (curse)
MPRegen  0.13/turn              (no ring)

@: no status effects
A: no striking features
a: no special abilities


You were on level 4 of the Dungeon.
You visited 1 branch of the dungeon, and saw 4 of its levels.
You also visited: Sewer.

You collected 89 gold pieces.

Inventory:

Armour
 a - a +0 robe (worn)
Jewellery
 i - a cursed -4 ring of protection (left hand)
Wands
 o - a wand of iceblast (7)
Scrolls
 b - a scroll of enchant weapon
 d - 2 scrolls of teleportation
 g - a scroll of amnesia
 m - 2 scrolls of identify {unknown}
Potions
 c - a potion of invisibility {unknown}
 e - 2 potions of degeneration {unknown}
 f - 5 potions of heal wounds {unknown}
 h - 3 potions of flight {unknown}
 j - 4 potions of curing {unknown}
 k - 7 potions of brilliance {unknown}
 l - 2 potions of might {unknown}
 n - a potion of stabbing {unknown}


   Skills:
 + Level 4.8 Dodging
 - Level 2.4 Stealth
 - Level 3.0 Spellcasting
 - Level 1.1 Conjurations
 * Level 6.5 Fire Magic


You had 6 spell levels left.
You knew the following spells:

 Your Spells              Type           Power        Failure   Level
a - Foxfire               Conj/Fire      ###.         2%          1
b - Sticky Flame          Conj/Fire      ###.....     26%         4

Your spell library contained the following spells:

 Spells                   Type           Power        Failure   Level
 Conjure Flame            Conj/Fire      ###.....     8%          3
 Inner Flame              Hex/Fire       ###.....     10%         3
 Fireball                 Conj/Fire      ###.......   58%         5


Dungeon Overview and Level Annotations

Branches:
Dungeon (4/15)              Sewer (visited)
 Temple: D:4-7

Altars:
Fedhas


Message History

You conjure some foxfire!
The hound closely misses you.
You hit the hound but do no damage.
The hound is almost dead.
The foxfire hits the hound.
The hound is almost dead.
The hound bites you. x2
Casting: Foxfire (safe; 2% risk of failure)
Confirm with . or Enter, or press ? or * to list all spells.
You conjure some foxfire!
The hound completely misses you.
You hit the hound.
The hound is almost dead.
The foxfire hits the hound.
The hound is almost dead.
The hound bites you.
* * * LOW HITPOINT WARNING * * *
The hound barely misses you.
Casting: Foxfire (safe; 2% risk of failure)
Confirm with . or Enter, or press ? or * to list all spells.
You conjure some foxfire!
The hound bites you.
You die...

#.# # #.# .#
#.# #.# #.#
#.. #.# #.#
#.###.#
#v##.# #.#
#@h.[# .##
####.##
##..## ##.##
##.#(.#
##.###.....#
##....P.P.#
##.#.._..# #
#.#.P.P.###
#..........
##...######


You could see a hound.

Vanquished Creatures
  2 big kobolds (Sewer)
  5 adders
  4 gnolls (D:3)
  2 worms
  2 dart slugs
  2 leopard geckos
  5 orcs
  8 bats
  2 giant cockroaches
  5 goblins
  2 hobgoblins (D:1)
  4 ball pythons (Sewer)
  4 frilled lizards
  15 kobolds
  4 rats
66 creatures vanquished.

Vanquished Creatures (collateral kills)
  4 foxfires (Sewer)
4 creatures vanquished.

Vanquished Creatures (others)
  251 foxfires
  A plant (Sewer)
252 creatures vanquished.

Grand Total: 322 creatures vanquished

Notes
Turn   | Place    | Note
-------+----------+-------------------------------------------
     0 | D:1      | Lanoc the Deep Elf Fire Elementalist began the quest for
                  | the Orb.
     0 | D:1      | Reached XP level 1. HP: 10/10 MP: 6/6
   334 | D:1      | Reached XP level 2. HP: 12/15 MP: 6/8
   636 | D:1      | Reached skill level 4 in Fire Magic
   775 | D:3      | Reached XP level 3. HP: 16/19 MP: 5/9
   817 | D:3      | Reached XP level 4. HP: 19/24 MP: 1/10
   826 | D:3      | Learned a level 4 spell: Sticky Flame
  1019 | D:3      | Reached skill level 5 in Fire Magic
  1020 | D:3      | Found a glowing drain.
  1061 | Sewer    | Entered a sewer
  1077 | Sewer    | Noticed a big kobold
  1094 | Sewer    | Killed a big kobold
  1094 | Sewer    | Reached XP level 5. HP: 18/28 MP: 2/11
  1662 | Sewer    | Reached skill level 6 in Fire Magic
  1954 | D:3      | Reached XP level 6. HP: 32/32 MP: 7/12
  2692 | D:4      | Found a blossoming altar of Fedhas.
  2752 | D:4      | Slain by a hound

Illustrated notes

Levels and vault maps discovered:
D:1:      giann_forest_graveyard, layout_basic, kennysheep_small_spiral
D:2:      layout_rooms, nicolae_overflow_crystal_walls,
          nicolae_ru_the_path_less_chosen, uniq_terence, uniq_natasha
D:3:      layout_basic, portal_sewer_entry_d
D:4:      layout_loops_ring, yredelemnul_altar_generic, serial_shops,
          kennysheep_mini, fedhas_altar_1

Skill      XL: |  1  2  3  4  5 |
---------------+----------------+-----
Fire Magic     | 4 5 6 |  6.5
Dodging        | 3 4 |  4.8
Stealth        | |  2.4
Spellcasting   | |  3.0
Conjurations   | |  1.1

Action                   |  1- 3 |  4- 6 || total
-------------------------+-------+-------++-------
Melee: Unarmed           |    11 |     7 ||    18
 Cast: Foxfire           |    42 |   128 ||   170
  Use: Scroll            |     3 |     1 ||     4
 Stab: Sleeping          |     1 |       ||     1
Armor: Robe              |     2 |       ||     2
Dodge: Dodged            |    14 |    19 ||    33

Table legend: (Time is in decaauts)
 A = Elapsed time spent in this place.
 B = Non-inter-level travel time spent in this place.
 C = Inter-level travel time spent in this place.
 D = Time resting spent in this place.
 E = Time spent auto-exploring this place.
 F = Levels seen in this place.
 G = Mean time per level.
                   A        B        C        D        E       F      G
               +--------+--------+--------+--------+--------+-----+--------+
         Total |   2777 |   2755 |     22 |     32 |   2276 |   5 |  555.4 |
       Dungeon |   1984 |   1962 |     22 |     32 |   1594 |   4 |  496.0 |
         Sewer |    792 |    792 |      0 |      0 |    682 |   1 |  792.0 |
               +--------+--------+--------+--------+--------+-----+--------+

Top non-repeatable levels by time:
     D:3: 1063 daAuts
   Sewer: 792 daAuts
     D:1: 644 daAuts
     D:4: 188 daAuts
     D:2: 88 daAuts
